 Dungeon Crawl Stone Soup version 0.27.1 (webtiles) character file.

Game seed: 7057622729635507374

2115 funkygono the Firebug (level 9, 0/48 HPs)
             Began as a Gargoyle Fire Elementalist on Aug 29, 2021.
             Was a Follower of Vehumet.
             Slain by Harold (7 damage)
             ... on level 7 of the Dungeon.
             The game lasted 00:15:20 (6196 turns).

funkygono the Firebug (Gargoyle Fire Elementalist)  Turns: 6196, Time: 00:15:21

Health: 0/48       AC: 12    Str: 12    XL:     9   Next: 29%
Magic:  7/19       EV: 12    Int: 19    God:    Vehumet [*.....]
Gold:   235        SH:  0    Dex: 10    Spells: 7/21 levels left

rFire    . . .     SeeInvis .   p - +1 flail
rCold    . . .     Faith    .   (no shield)
rNeg     + + .     Spirit   .   a - +0 robe
rPois    ∞         Reflect  .   (no helmet)
rElec    +         Harm     .   (no cloak)
rCorr    .         Rampage  .   u - +0 pair of gloves
Will     +....                  q - +2 pair of boots
Stlth    ++........             j - amulet of regeneration
HPRegen  1.16/turn              o - ring of positive energy
MPRegen  0.16/turn              v - ring of willpower

@: marked
A: sickness immunity, AC +6, negative energy resistance 1, electricity
resistance, torment resistance 1, petrification resistance
a: Renounce Religion


You were on level 7 of the Dungeon.
You worshipped Vehumet.
Vehumet was aware of your devotion.
You visited 1 branch of the dungeon, and saw 7 of its levels.

You collected 339 gold pieces.
You spent 104 gold pieces at shops.

Inventory:

Hand Weapons
 e - a +0 whip
 p - a +1 flail (weapon)
Missiles
 b - 143 stones
Armour
 a - a +0 robe (worn)
 q - a +2 pair of boots (worn)
 t - a +0 buckler
 u - a +0 pair of gloves (worn)
Magical Staves
 r - a staff of earth
 s - a staff of death
Jewellery
 g - a ring of ice
 j - an amulet of regeneration (around neck)
 k - an amulet of reflection
 o - a ring of positive energy (left hand)
 v - a ring of willpower (right hand)
Scrolls
 n - a scroll of fog
Potions
 c - 2 potions of degeneration {unknown}
 d - 2 potions of attraction {unknown}
 f - 4 potions of might
 h - 2 potions of resistance {unknown}
 i - 2 potions of flight
 l - 2 potions of curing {unknown}
 w - a potion of haste {unknown}


   Skills:
 + Level 1.8 Fighting
 + Level 2.2 Maces & Flails
 + Level 2.3 Dodging
 - Level 2.1 Stealth
 * Level 6.7 Spellcasting
 * Level 6.5 Conjurations
 * Level 7.1 Fire Magic


You had 7 spell levels left.
You knew the following spells:

 Your Spells              Type           Power      Damage    Failure   Level
a - Foxfire               Conj/Fire      100%       2x1d9     1%          1
b - Conjure Flame         Conj/Fire      32%        6-21      1%          3
c - Sticky Flame          Conj/Fire      32%        2d5       6%          4
d - Fireball              Conj/Fire      16%        3d8       17%         5
e - Shock                 Conj/Air       72%        1d7       2%          1

Your spell library contained the following spells:

 Spells                   Type           Power      Damage    Failure   Level
 Inner Flame              Hex/Fire       19%        N/A       7%          3
 Corpse Rot               Necr/Air       N/A        N/A       16%         2
 Wereblood                Tmut           6%         N/A       16%         2
 Fulminant Prism          Conj/Hex       9%         3d7       26%         4
 Iskenderun's Mystic Bla  Conj/Tloc      18%        2d6       26%         4
 Dispel Undead            Necr           6%         3d8       71%         4
 Lee's Rapid Deconstruct  Erth           3%         3d6*      96%         5
 Death Channel            Necr           3%         N/A       100%        6
 Summon Hydra             Summ           3%         N/A       100%        7
 Sublimation of Blood     Necr           Unusable   N/A       N/A         2

Dungeon Overview and Level Annotations

Branches:
Dungeon (7/15)             Temple (0/1) D:7

Altars:
Ashenzari
Elyvilon
Fedhas
Uskayaw
Vehumet
Xom
Zin

Shops:
D:3 [=![?

Annotations:
D:7 Harold, Maggie


Innate Abilities, Weirdness & Mutations

You are immune to sickness and miasma.
Your stone body is resilient. (AC +6)
You are immune to poison.
You resist negative energy. (rN+)
You are resistant to electric shocks. (rElec)
You are resistant to unholy torment.
You are immune to petrification.


Message History

* * * LOW HITPOINT WARNING * * *
Harold hits you but does no damage.
You feel much better. Maggie barely misses you.
The orc hits you with a +0 mace.
Harold hits you with a +0 scimitar of holy wrath.
Unknown command.
Maggie hits you with a +1 vorpal scimitar!
Harold fires a harpoon shot at you.
The harpoon shot hits you but does no damage.
Maggie hits you with a +1 vorpal scimitar!
* * * LOW HITPOINT WARNING * * *
x2 You cannot move away from Maggie!
Unknown command.
You cannot move away from Maggie!
Casting: Foxfire (safe; 1% risk of failure)
Confirm with . or Enter, or press ? or * to list all spells.
You conjure some foxfire!
Maggie hits you but does no damage.
Unknown command.
Casting: Foxfire (safe; 1% risk of failure)
Confirm with . or Enter, or press ? or * to list all spells.
You conjure some foxfire!
The foxfire hits the orc.
The orc is severely wounded.
The foxfire hits Maggie but does no damage.
Maggie is severely wounded.
Maggie closely misses you.
You feel much better.
The foxfire hits the orc.
The orc is severely wounded.
The foxfire hits Maggie!
Maggie is severely wounded.
Maggie gestures at you while chanting. The bolt of fire hits you!
The orc closely misses you.
Casting: Foxfire (safe; 1% risk of failure)
Confirm with . or Enter, or press ? or * to list all spells.
You conjure some foxfire!
You break out of your daze.
Maggie hits you with a +1 vorpal scimitar!
* * * LOW HITPOINT WARNING * * *
x2 The orc misses you.
Harold hits you with a +0 scimitar of holy wrath!
You die...

...#..## #..........### ##.
...##..## ##............#
##.. ...###..##
#.............# ##..# ...#
##..###.............#
##†).# ..
##..#..............###....#
##.#..............##.)...#
#..§..§§§§.......#.).#.##
##.§§.§@§v<......#..##.#
##.§§§o@§......#...####
#.§§§@v§...........#
##.§§§§....§....##.....#
#...#§§§.......######...
#.†###.........# ### #.>#
##........# ....#
........## ..(... ........#
....... ####..


You could see Harold (ally target), Maggie and an orc (ally target).

Vanquished Creatures
  A wyvern (D:7)
  3 water moccasins
  2 black bears (D:6)
  A necrophage (D:4)
  An ogre (D:6)
  3 centaurs
  A phantom (D:6)
  3 bullfrogs
  A scorpion (D:5)
  A water moccasin skeleton (D:5)
  A centaur zombie (D:5)
  3 hounds
  An orc priest (D:7)
  A bullfrog skeleton (D:5)
  2 gnoll shamans
  2 iguanas (D:6)
  3 orc wizards
  A scorpion zombie (D:5)
  5 gnolls
  11 adders
  A howler monkey skeleton (D:6)
  A river rat (D:4)
  A shadow imp (D:6)
  2 white imps (D:6)
  2 ufetubi (D:5)
  3 worms
  3 dart slugs
  6 orcs
  5 ball pythons
  6 bats
  4 endoplasms
  6 giant cockroaches
  7 hobgoblins
  4 kobolds
  4 quokkas
  2 frilled lizards (D:3)
  3 goblins
  9 rats
116 creatures vanquished.

Vanquished Creatures (others)
  497 foxfires
497 creatures vanquished.

Grand Total: 613 creatures vanquished

Notes
Turn   | Place    | Note
-------+----------+-------------------------------------------
     0 | D:1      | funkygono the Gargoyle Fire Elementalist began the quest
                  | for the Orb.
     0 | D:1      | Reached XP level 1. HP: 10/10 MP: 3/3
   383 | D:1      | Reached XP level 2. HP: 15/15 MP: 1/5
  1150 | D:2      | Reached XP level 3. HP: 19/19 MP: 2/6
  1154 | D:2      | Learned a level 3 spell: Conjure Flame
  1510 | D:2      | Reached XP level 4. HP: 24/24 MP: 4/8
  1612 | D:2      | Learned a level 4 spell: Sticky Flame
  1674 | D:2      | Found a glowing silver altar of Zin.
  1720 | D:3      | Found Xosusk's Jewellery Shoppe.
  1824 | D:3      | Found Feev's Antique Armour Emporium.
  1874 | D:3      | Found Omaciaf's Magic Scroll Boutique.
  1892 | D:3      | Reached skill level 4 in Fire Magic
  2019 | D:3      | Found a shimmering altar of Xom.
  2159 | D:3      | Found a blossoming altar of Fedhas.
  2224 | D:3      | Found Oqisits's Armour Boutique.
  2232 | D:3      | Bought a +0 pair of boots for 54 gold pieces
  2260 | D:3      | Found Ruevukor's Distillery.
  2422 | D:3      | Bought a potion of heal wounds for 50 gold pieces
  2456 | D:4      | Reached XP level 5. HP: 28/28 MP: 3/10
  2570 | D:4      | Noticed a necrophage
  2588 | D:4      | Killed a necrophage
  2589 | D:4      | Reached XP level 6. HP: 32/32 MP: 5/11
  2958 | D:4      | Found a radiant altar of Vehumet.
  2971 | D:4      | Became a worshipper of Vehumet
  3088 | D:4      | Reached skill level 5 in Fire Magic
  3256 | D:4      | Found a hide-covered altar of Uskayaw.
  3536 | D:5      | Entered Level 5 of the Dungeon
  3712 | D:5      | Reached XP level 7. HP: 37/37 MP: 11/13
  3718 | D:5      | Learned a level 5 spell: Fireball
  3854 | D:5      | Reached skill level 1 in Maces & Flails
  4364 | D:6      | Reached skill level 1 in Fighting
  4364 | D:6      | Reached XP level 8. HP: 43/43 MP: 6/15
  4471 | D:6      | Reached skill level 5 in Spellcasting
  4551 | D:6      | Reached * piety under Vehumet
  4551 | D:6      | Offered knowledge of Shock by Vehumet.
  4555 | D:6      | Reached skill level 6 in Fire Magic
  4558 | D:6      | Learned a level 1 spell: Shock
  4686 | D:6      | Reached skill level 5 in Conjurations
  4986 | D:6      | Found a broken altar of Ashenzari.
  4986 | D:6      | Found a white marble altar of Elyvilon.
  5219 | D:6      | Reached XP level 9. HP: 47/47 MP: 14/18
  6030 | D:7      | Reached skill level 7 in Fire Magic
  6080 | D:7      | Found a staircase to the Ecumenical Temple.
  6166 | D:7      | Noticed Maggie
  6176 | D:7      | Noticed Harold
  6196 | D:7      | Slain by Harold

Illustrated notes

Levels and vault maps discovered:
D:1:      zaba_arrival_water, layout_basic
D:2:      layout_rooms, basic_altar, hangedman_abyss_or_decor_stabs,
          minmay_pentomino_pile
D:3:      layout_rooms, mainiacjoe_overflow_catwalk, old_standard_altar,
          serial_shops, shop, shop, shop,
          nicolae_shop_temple_entry_statues_fountains, shop
D:4:      layout_rooms, lemuel_round_altar, marbit_many_paths,
          gup_sewer_entry_bubbles, minmay_strange_pillars
D:5:      layout_rooms
D:6:      layout_layer_cave, jmf_multi_god_temple, grunt_decor_junction,
          minivault_24, minmay_microvault
D:7:      layout_cave_pods, mainiacjoe_overflow_surrounded_room,
          minmay_temple_entry_water_ring, minmay_three_doors, uniq_harold,
          uniq_maggie

Skill      XL: |  1  2  3  4  5  6  7  8  9 |
---------------+----------------------------+-----
Spellcasting   | 3 4 6 |  6.7
Fire Magic     | 4 5 6 7 |  7.1
Conjurations   | 2 3 4 5 6 |  6.5
Maces & Flails | 1 2 |  2.2
Fighting       | 1 |  1.8
Dodging        | 2 |  2.3
Stealth        | |  2.1

Action                   |  1- 3 |  4- 6 |  7- 9 || total
-------------------------+-------+-------+-------++-------
Melee: Club              |     2 |       |       ||     2
       Flail             |       |    32 |     6 ||    38
 Cast: Foxfire           |    45 |   108 |   134 ||   287
       Sticky Flame      |       |       |     2 ||     2
  Use: Scroll            |       |     8 |     5 ||    13
       Potion            |       |       |     4 ||     4
Armor: Robe              |     4 |    16 |    31 ||    51
Dodge: Dodged            |     7 |    31 |    46 ||    84
